 Dungeon Crawl Stone Soup version 0.12.2-9-gf1dcfd2 (webtiles) character file.

221 Kigal the Slinger (level 5, 0/34 HPs)
             Began as a Halfling Hunter on July 4, 2013.
             Succumbed to an adder's poison
             ... on Level 3 of the Dungeon.
             The game lasted 00:15:32 (1956 turns).

Kigal the Slinger (Halfling Hunter)                 Turns: 1956, Time: 00:15:32

HP   0/34        AC  6     Str  8      XL: 5   Next: 31%
MP   4/4         EV  9     Int 11      God:
Gold 95          SH  0     Dex 19      Spells:  0 memorised,  4 levels left

Res.Fire  : . . .   See Invis. : .   b - +1,+2 sling
Res.Cold  : . . .   Warding    : .   j - +0 scale mail
Life Prot.: . . .   Conserve   : .   (no shield)
Res.Poison: .       Res.Corr.  : .   (no helmet)
Res.Elec. : .       Clarity    : .   (no cloak)
Sust.Abil.: . .     Spirit.Shd : .   (no gloves)
Res.Mut.  : .       Stasis     : .   (no boots)
Res.Rott. : .       Ctrl.Telep.: .   (no amulet)
Saprovore : . . .   Flight     : .   (no ring)
                                     (no ring)

@: mildly poisoned, slightly resistant to hostile enchantments, very unstealthy
A: mutation resistance 1, slow metabolism 1, Str -1, Dex +1
a: no special abilities


You were on level 3 of the Dungeon.
You were full.

You visited 1 branch of the dungeon, and saw 3 of its levels.

You collected 75 gold pieces.

Inventory:

Hand weapons
 a - a +0,+0 short sword
 b - a +1,+2 sling (weapon)
 e - a +1,+0 elven dagger
Missiles
 c - 5 sling bullets (quivered)
 h - 23 darts
 m - 21 stones
Armour
 d - a +0 leather armour
 i - a +0 animal skin
 j - a +0 scale mail (worn)
 n - a +0 cloak
 r - a +0 orcish robe
Comestibles
 t - a chunk of adder flesh
 u - 5 rotting chunks of orc flesh
Scrolls
 k - a scroll of fog {unknown}
 o - a scroll of identify {unknown}
 q - 3 scrolls of remove curse {unknown}


   Skills:
 + Level 0.8 Fighting
 + Level 8.4 Slings
 + Level 0.7 Armour
 + Level 3.2 Dodging
 + Level 1.3 Stealth
 + Level 0.2 Traps


You had 4 spell levels left.
You didn't know any spells.

Dungeon Overview and Level Annotations

Branches:
Dungeon (3/27)

Altars:
Kikubaaqudgha
Sif Muna


Innate Abilities, Weirdness & Mutations

You are small and have problems with some larger weapons.
You are somewhat resistant to further mutation.
You have a slow metabolism.
Your muscles are flexible, but weak (Str -1, Dex +1).


Message History

You start resting.
* * * LOW HITPOINT WARNING * * *
You feel sick.
A goblin comes into view. It is wielding an orcish club.
Firing (i - inventory. (,) - cycle):
c - 7 sling bullets (quivered)
Press: ? - help, Shift-Dir - straight line, f - goblin
Aim: a goblin, wielding an orcish club (hasn't noticed you)
You shoot a sling bullet. The sling bullet hits the goblin.
The goblin is moderately wounded.
The goblin unwields an uncursed orcish club.
The goblin wields a sling.
The goblin shoots a stone.
The stone hits you!
* * * LOW HITPOINT WARNING * * *
Firing (i - inventory. (,) - cycle):
c - 6 sling bullets (quivered)
Press: ? - help, Shift-Dir - straight line, f/p - goblin
Aim: a goblin, wielding a sling (moderately wounded)
You shoot a sling bullet. The sling bullet hits the goblin.
You kill the goblin!
Eat which item? (? for menu, Esc to quit)
You continue eating.
You die...

#.###########.#
#.# .# #.# .#
#.######## .#
#.##.)...+ ..
##'##.%...# ..
#.........# ..
#....%(>..+ .
#.....@...#
#.....#'###
#.....#.#
#.....#.#
#######.# #.#
#.#
#############)#
#...........#.#


There were no monsters in sight!

Vanquished Creatures
  An orc priest (D:3)
  4 adders
  2 worms (D:2)
  An ooze (D:1)
  2 orcs (D:3)
  A ball python (D:1)
  8 hobgoblins
  3 jackals (D:1)
  8 kobolds
  4 bats
  4 giant cockroaches
  3 giant newts
  6 goblins
  3 rats (D:1)
50 creatures vanquished.

Notes
Turn   | Place    | Note
--------------------------------------------------------------
     0 | D:1      | Kigal, the Halfling Hunter, began the quest for the Orb.
     0 | D:1      | Reached XP level 1. HP: 14/14 MP: 0/0
    37 | D:1      | Reached skill level 6 in Slings
    65 | D:1      | Reached XP level 2. HP: 19/19 MP: 1/1
   515 | D:1      | Reached XP level 3. HP: 20/24 MP: 2/2
   766 | D:1      | Reached skill level 7 in Slings
  1031 | D:2      | Found an ancient bone altar of Kikubaaqudgha.
  1221 | D:2      | Found a deep blue altar of Sif Muna.
  1255 | D:2      | Reached XP level 4. HP: 29/29 MP: 3/3
  1706 | D:3      | Reached skill level 8 in Slings
  1706 | D:3      | Reached XP level 5. HP: 26/34 MP: 4/4
  1842 | D:3      | Gained mutation: Your muscles are flexible, but weak (Str -1, Dex +1). [potion of mutation]
  1952 | D:3      | HP: 1/34 [goblin/ stone (1)]
  1956 | D:3      | Succumbed to an adder's poison

Action                   |  1- 3 |  4- 6 || total
-------------------------+-------+-------++-------
Melee: Sling             |     3 |     3 ||     6
 Fire: Sling             |    78 |    28 ||   106
  Use: Potion            |       |     3 ||     3
       Scroll            |       |     1 ||     1
